 Dungeon Crawl Stone Soup version 0.28.0-43-g3370ac3207 (webtiles) character file.

Game seed: 3720062423307470466

186 adizb the Skirmisher (level 5, -2/43 HPs)
             Began as a Demonspawn Gladiator on Mar 25, 2022.
             Engulfed by a cloud of flame (26 damage)
             ... on level 3 of the Dungeon.
             The game lasted 00:08:49 (1697 turns).

adizb the Skirmisher (Demonspawn Gladiator)         Turns: 1697, Time: 00:08:50

Health: -2/43      AC: 11    Str: 16    XL:     5   Next: 38%
Magic:  5/5        EV:  7    Int: 10    God:
Gold:   49         SH:  0    Dex: 14    Spells: 4/4 levels left

rFire   . . .      SeeInvis .   a - +0 war axe
rCold   . . .      Faith    .   (no shield)
rNeg    . . .      Spirit   .   j - +0 chain mail
rPois   .          Reflect  .   c - +0 helmet
rElec   .          Harm     .   (no cloak)
rCorr   .          Rampage  .   (no gloves)
Will    .....                   k - +1 pair of boots
Stlth   ..........              (no amulet)
HPRegen 0.14/turn               (no ring)
MPRegen 0.09/turn               (no ring)

@: no status effects
A: claws 2, demonic magic 1
a: no special abilities


You were on level 3 of the Dungeon.
You visited 1 branch of the dungeon, and saw 3 of its levels.

You collected 49 gold pieces.

Inventory:

Hand Weapons
 a - a +0 war axe (weapon)
Missiles
 m - 4 poisoned darts (quivered)
 o - 2 atropa-tipped darts
Armour
 b - a +0 leather armour
 c - a +0 helmet (worn)
 d - a +1 pair of boots
 j - a +0 chain mail (worn)
 k - a +1 pair of boots (worn)
Scrolls
 g - 2 scrolls of identify {unknown}
 h - a scroll of noise {unknown}
 i - a scroll of magic mapping {unknown}
 l - a scroll of vulnerability {unknown}
 n - a scroll of enchant armour {unknown}
 p - a scroll of silence {unknown}
 q - a scroll of immolation {unknown}
Potions
 e - a potion of heal wounds
 f - a potion of haste {unknown}


   Skills:
 * Level 4.6 Fighting
 + Level 3.8 Axes
 - Level 1.7 Throwing
 + Level 0.0 Armour
 - Level 2.6 Dodging
 + Level 1.0 Unarmed Combat


You had 4 spell levels left.
You didn't know any spells.
Your spell library was empty.

Dungeon Overview and Level Annotations

Branches:
Dungeon (3/15)

Altars:

Shops:
D:2 [


Innate Abilities, Weirdness & Mutations

You have very sharp fingernails.
Spells you cast may paralyse adjacent enemies.


Message History

Found a ring mail.
The bat closely misses you. The bat hits you but does no damage.
The bat hits you but does no damage.
Found a lead wand and a falchion.
The bat completely misses you. The bat barely misses you.
The bat hits you but does no damage. x2
A kobold comes into view. It is wielding a +0 club.
The kobold shouts!
The bat hits you but does no damage. The bat hits you but does no damage.
The bat barely misses you. The bat hits you but does no damage.
You hit the bat.
You kill the bat!
You barely miss the kobold. The kobold hits you with a +0 club.
You miss the kobold. The kobold hits you but does no damage.
The kobold completely misses you.
You hit the kobold but do no damage. The kobold hits you with a +0 club.
You closely miss the kobold. The kobold hits you but does no damage.
You completely miss the kobold. The kobold barely misses you.
The kobold hits you but does no damage.
You slash the kobold!
You kill the kobold!
q - a scroll labelled FOUFOS VENERID A goblin comes into view.
It is wielding a +0 club.
The goblin shouts!
The goblin hits you but does no damage.
You closely miss the goblin. The goblin barely misses you.
You slash the goblin!
You kill the goblin!
Found a lightning rod (4/4).
Things that are here:
a +0 club; a goblin corpse Really walk into a travel-excluded area?
Found 12 gold pieces.
Really walk into that cloud of flame?
You are engulfed in blazing flames.
You are engulfed in blazing flames.
You are engulfed in blazing flames.
Ouch! That really hurt!
You die...

#..# .☼§# ######
#########..# #.☼.#
#.....##...# #.§§#
...........#####...#####
............§§§.$...§§§.
............○°/.:.}.○☼..
.....†......☼.§.=/..§.
....)......#####...#
...........# #@○§#
...........# #☼☼§#
...........# #§°§#
#[....##...#####...#
##########.....)..##
##########


There were no monsters in sight!

Vanquished Creatures
  Natasha (thrice) (D:2)
  8 adders (D:2)
  2 worms (D:2)
  A dart slug (D:2)
  4 endoplasms (D:2)
  8 goblins
  2 hobgoblins
  A quokka (D:1)
  2 ball pythons
  4 bats
  3 kobolds
  A rat (D:1)
39 creatures vanquished.

Notes
Turn   | Place    | Note
-------+----------+-------------------------------------------
     0 | D:1      | adizb the Demonspawn Gladiator began the quest for the Orb.
     0 | D:1      | Reached XP level 1. HP: 16/16 MP: 1/1
   442 | D:1      | Gained mutation: Spells you cast may paralyse adjacent
                  | enemies. [demonic ancestry]
   442 | D:1      | Reached XP level 2. HP: 16/23 MP: 2/2
   789 | D:2      | Found Zujeisia's Armour Emporium.
   808 | D:2      | Noticed Natasha
   817 | D:2      | Killed Natasha
   818 | D:2      | Reached skill level 3 in Fighting
   818 | D:2      | Gained mutation: You have sharp fingernails. [demonic
                  | ancestry]
   818 | D:2      | Reached XP level 3. HP: 20/29 MP: 3/3
   842 | D:2      | HP: 2/43 [poisoned by an adder]
   859 | D:2      | Noticed Natasha
   866 | D:2      | Killed Natasha
   867 | D:2      | Reached XP level 4. HP: 25/37 MP: 4/4
   966 | D:2      | Reached skill level 4 in Fighting
  1058 | D:2      | Noticed Natasha
  1076 | D:2      | Killed Natasha
  1138 | D:2      | Gained mutation: You have very sharp fingernails. [demonic
                  | ancestry]
  1138 | D:2      | Reached XP level 5. HP: 9/43 MP: 5/5
  1290 | D:2      | Reached skill level 1 in Unarmed Combat
  1697 | D:3      | Engulfed by a cloud of flame

Illustrated notes

Levels and vault maps discovered:
D:1:      minmay_arrival_jagged, layout_basic
D:2:      layout_basic, serial_shops, shop_fountains, uniq_natasha
D:3:      layout_rooms, lemuel_flame_loot_1

Skill      XL: |  1  2  3  4  5 |
---------------+----------------+-----
Axes           | 3 |  3.8
Fighting       | 3 4 |  4.6
Unarmed Combat | 1 |  1.0
Throwing       | |  1.7
Dodging        | |  2.6

Action                   |  1- 3 |  4- 6 || total
-------------------------+-------+-------++-------
Melee: War axe           |    56 |   103 ||   159
       Punch             |       |     1 ||     1
Throw: Throwing net      |       |     6 ||     6
       Dart              |       |     2 ||     2
  Use: Potion            |     2 |     1 ||     3
 Stab: Sleeping          |     1 |       ||     1
Armor: Leather armour    |     8 |       ||     8
       Chain mail        |    29 |    66 ||    95
       Skin              |    11 |    31 ||    42
Dodge: Dodged            |    36 |    58 ||    94
